3206 views
Uploaded 2020-03-29 21:23:33
Game version 1.32.3
60:15 long 3on3 ladder game on (6)BloodstoneMesa_LV
Saved by BEARAND
3206 views
Uploaded 2020-03-29 21:23:33
Game version 1.32.3
60:15 long 3on3 ladder game on (6)BloodstoneMesa_LV


287 units @ 41.2k
/ 6.8k
142 buildings @ 16.5k
/ 7.3k
⇛
LightUnknown
(52:44) : 

| Scroll of Regeneration | 4 | 400 |
| Lesser Clarity Potion | 7 | 490 |
| Ivory Tower | 3 | 120 |
| Potion of Mana | 3 | 600 |
| Orb of Fire | 1 | 325 |
| Staff of Sanctuary | 1 | 250 |
| Scroll of Town Portal | 1 | 350 |
| total: | 20 | 2535g |
| Peasant | 76 | 5700 | / | 0 |
| Footman | 7 | 945 | / | 0 |
| Siege Engine | 21 | 4095 | / | 1260 |
| Mortar Team | 5 | 900 | / | 350 |
| Knight | 3 | 735 | / | 180 |
| Razormane Medicine Man | 1 | 350 | / | 60 |
| total: | 113 | 12725g | / | 1850w |
| Scout Tower | 29 | 870 | / | 580 |
| Guard Tower | 16 | 1120 | / | 800 |
| Arcane Tower | 6 | 420 | / | 300 |
| Altar of Kings | 1 | 180 | / | 50 |
| Barracks | 2 | 320 | / | 120 |
| Farm | 13 | 1040 | / | 260 |
| Arcane Vault | 2 | 260 | / | 60 |
| Town Hall | 6 | 2310 | / | 1230 |
| Lumber Mill | 2 | 240 | / | 0 |
| Blacksmith | 1 | 140 | / | 60 |
| Cannon Tower | 1 | 120 | / | 100 |
| Workshop | 4 | 560 | / | 560 |
| Arcane Sanctum | 1 | 150 | / | 140 |
| Keep | 2 | 640 | / | 420 |
| Castle | 2 | 720 | / | 420 |
| total: | 61 | 6070g | / | 3060w |
| 0:03 | Peasant |
| 0:03 | Peasant |
| 0:14 | Altar of Kings |
| 0:25 | Barracks |
| 0:27 | Peasant |
| 0:36 | Farm |
| 0:42 | Peasant |
| 0:42 | Peasant |
| 0:56 | Peasant |
| 1:01 | Farm |
| 1:14 | Peasant |
| 1:27 | Footman |
| 1:38 | Farm |
| 1:44 | Footman |
| 1:54 | Peasant |
| 2:04 | Peasant |
| 2:20 | Holy Light |
| 2:21 | Footman |
| 2:25 | Peasant |
| 2:38 | Arcane Vault |
| 2:46 | Peasant |
| 2:54 | Peasant |
| 3:04 | Footman |
| 3:30 | Devotion Aura |
| 3:40 | Peasant |
| 3:53 | Town Hall |
| 4:07 | Farm |
| 4:11 | Scroll of Regeneration |
| 4:11 | Lesser Clarity Potion |
| 4:14 | Lesser Clarity Potion |
| 4:15 | Lesser Clarity Potion |
| 4:15 | Lesser Clarity Potion |
| 4:15 | Lesser Clarity Potion |
| 4:20 | Scout Tower |
| 5:07 | Keep |
| 5:12 | Peasant |
| 5:12 | Peasant |
| 5:26 | Footman |
| 5:47 | Footman |
| 5:50 | Lumber Mill |
| 5:51 | Barracks |
| 5:54 | Holy Light |
| 6:05 | Farm |
| 6:40 | Footman |
| 6:43 | Blacksmith |
| 6:54 | Improved Masonry |
| 6:55 | Peasant |
| 6:55 | Peasant |
| 7:38 | Peasant |
| 7:40 | Peasant |
| 7:44 | Defend |
| 7:47 | Peasant |
| 7:49 | Farm |
| 7:51 | Farm |
| 7:54 | Farm |
| 8:17 | Castle |
| 8:18 | Improved Lumber Harvesting |
| 8:31 | Scroll of Regeneration |
| 8:32 | Ivory Tower |
| 8:32 | Ivory Tower |
| 8:32 | Ivory Tower |
| 8:35 | Scroll of Regeneration |
| 8:35 | Scroll of Town Portal |
| 9:01 | Guard Tower |
| 9:04 | Peasant |
| 9:04 | Peasant |
| 9:07 | Razormane Medicine Man |
| 9:40 | Storm Bolt |
| 9:53 | Workshop |
| 9:55 | Workshop |
| 9:56 | Workshop |
| 10:00 | Workshop |
| 10:20 | Iron Plating |
| 10:21 | Black Gunpowder |
| 10:27 | Thunder Clap |
| 10:44 | Farm |
| 10:46 | Farm |
| 10:48 | Advanced Lumber Harvesting |
| 11:05 | Siege Engine |
| 11:09 | Farm |
| 11:49 | Siege Engine |
| 11:52 | Steel Plating |
| 12:00 | Devotion Aura |
| 12:19 | Barrage |
| 12:33 | Siege Engine |
| 13:04 | Siege Engine |
| 13:07 | Town Hall |
| 13:32 | Siege Engine |
| 14:28 | Siege Engine |
| 15:04 | Siege Engine |
| 15:45 | Siege Engine |
| 15:47 | Mithril Plating |
| 16:28 | Siege Engine |
| 16:31 | Refined Gunpowder |
| 16:58 | Lesser Clarity Potion |
| 16:59 | Potion of Mana |
| 16:59 | Orb of Fire |
| 16:59 | Staff of Sanctuary |
| 17:30 | Flare |
| 17:31 | Flak Cannons |
| 17:32 | Flying Machine Bombs |
| 17:34 | Fragmentation Shards |
| 17:38 | Thunder Clap |
| 19:09 | Devotion Aura |
| 19:27 | Siege Engine |
| 19:48 | Peasant |
| 19:48 | Peasant |
| 19:48 | Peasant |
| 19:48 | Peasant |
| 19:48 | Peasant |
| 20:00 | Town Hall |
| 20:19 | Siege Engine |
| 20:24 | Scout Tower |
| 20:35 | Scout Tower |
| 20:36 | Scout Tower |
| 20:41 | Arcane Tower |
| 21:10 | Guard Tower |
| 21:19 | Siege Engine |
| 21:36 | Arcane Sanctum |
| 21:38 | Peasant |
| 21:39 | Peasant |
| 22:32 | Peasant |
| 22:32 | Peasant |
| 22:50 | Town Hall |
| 23:27 | Siege Engine |
| 23:58 | Lumber Mill |
| 24:15 | Siege Engine |
| 24:16 | Siege Engine |
| 24:26 | Peasant |
| 24:33 | Mortar Team |
| 25:09 | Peasant |
| 25:09 | Peasant |
| 25:10 | Peasant |
| 25:10 | Peasant |
| 25:10 | Peasant |
| 26:08 | Mortar Team |
| 27:38 | Farm |
| 28:10 | Siege Engine |
| 29:40 | Siege Engine |
| 30:48 | Mortar Team |
| 31:02 | Farm |
| 32:03 | Arcane Vault |
| 32:06 | Peasant |
| 32:06 | Peasant |
| 32:06 | Peasant |
| 32:06 | Peasant |
| 32:06 | Peasant |
| 32:15 | Imbued Gunpowder |
| 33:48 | Siege Engine |
| 34:38 | Storm Bolt |
| 34:45 | Siege Engine |
| 36:01 | Potion of Mana |
| 36:01 | Potion of Mana |
| 36:18 | Peasant |
| 36:18 | Peasant |
| 36:18 | Peasant |
| 36:18 | Peasant |
| 36:18 | Peasant |
| 36:51 | Iron Forged Swords |
| 36:52 | Sundering Blades |
| 36:52 | Animal War Training |
| 37:26 | Knight |
| 37:30 | Town Hall |
| 37:37 | Peasant |
| 37:37 | Peasant |
| 38:02 | Mortar Team |
| 38:05 | Knight |
| 38:29 | Peasant |
| 38:29 | Peasant |
| 38:30 | Peasant |
| 38:30 | Peasant |
| 38:30 | Peasant |
| 38:38 | Peasant |
| 38:38 | Peasant |
| 38:39 | Peasant |
| 38:39 | Peasant |
| 38:39 | Peasant |
| 38:51 | Knight |
| 38:57 | Siege Engine |
| 39:47 | Magic Sentry |
| 40:19 | Peasant |
| 40:23 | Town Hall |
| 40:46 | Peasant |
| 40:46 | Peasant |
| 40:46 | Peasant |
| 42:24 | Peasant |
| 42:24 | Peasant |
| 42:24 | Peasant |
| 42:26 | Peasant |
| 42:27 | Peasant |
| 42:27 | Peasant |
| 42:27 | Peasant |
| 42:27 | Peasant |
| 42:34 | Mortar Team |
| 43:31 | Resurrection |
| 43:42 | Siege Engine |
| 45:18 | Peasant |
| 45:18 | Peasant |
| 46:05 | Scroll of Regeneration |
| 46:06 | Lesser Clarity Potion |
| 48:07 | Peasant |
| 48:07 | Peasant |
| 48:52 | Scout Tower |
| 48:53 | Scout Tower |
| 48:54 | Scout Tower |
| 48:55 | Scout Tower |
| 48:59 | Scout Tower |
| 49:02 | Scout Tower |
| 49:14 | Peasant |
| 49:23 | Scout Tower |
| 49:26 | Arcane Tower |
| 49:27 | Guard Tower |
| 49:29 | Scout Tower |
| 49:30 | Scout Tower |
| 49:32 | Scout Tower |
| 49:33 | Guard Tower |
| 49:36 | Scout Tower |
| 49:38 | Scout Tower |
| 50:05 | Guard Tower |
| 50:07 | Scout Tower |
| 50:08 | Scout Tower |
| 50:10 | Scout Tower |
| 50:25 | Scout Tower |
| 50:35 | Scout Tower |
| 50:38 | Scout Tower |
| 50:42 | Cannon Tower |
| 50:43 | Arcane Tower |
| 50:46 | Guard Tower |
| 51:04 | Scout Tower |
| 51:05 | Guard Tower |
| 51:28 | Scout Tower |
| 51:30 | Scout Tower |
| 51:31 | Scout Tower |
| 51:33 | Guard Tower |
| 52:07 | Guard Tower |
| 52:13 | Scout Tower |
| 52:30 | Arcane Tower |
| 52:39 | Scout Tower |
| 52:42 | Scout Tower |
| Right click | 3383 |
| Select | 1521 |
| Build/train/purchase | 291 |
| Use ability | 90 |
| Minimap ping | 38 |
| Resource trade | 37 |
| Remove unit | 7 |
| Misc. action | 1 |


| Rod of Necromancy | 4 | 600 |
| Potion of Healing | 6 | 900 |
| Orb of Corruption | 1 | 375 |
| Dust of Appearance | 3 | 225 |
| Scroll of Town Portal | 2 | 700 |
| total: | 16 | 2800g |
| Acolyte | 41 | 3075 | / | 0 |
| Ghoul | 7 | 840 | / | 0 |
| Crypt Fiend | 8 | 1720 | / | 320 |
| Obsidian Statue | 10 | 2000 | / | 350 |
| Frost Wyrm | 21 | 8085 | / | 2520 |
| Meat Wagon | 1 | 230 | / | 50 |
| Gargoyle | 4 | 700 | / | 120 |
| Mortar Team | 5 | 900 | / | 350 |
| total: | 97 | 17550g | / | 3710w |
| Nerubian Tower | 17 | 1700 | / | 340 |
| Spirit Tower | 15 | 2175 | / | 600 |
| Crypt | 3 | 600 | / | 150 |
| Graveyard | 1 | 215 | / | 0 |
| Altar of Darkness | 1 | 180 | / | 50 |
| Ziggurat | 28 | 4200 | / | 1400 |
| Tomb of Relics | 1 | 130 | / | 30 |
| Necropolis | 3 | 675 | / | 0 |
| Slaughterhouse | 1 | 140 | / | 135 |
| Sacrificial Pit | 1 | 75 | / | 150 |
| Boneyard | 2 | 350 | / | 400 |
| Halls of the Dead | 2 | 640 | / | 420 |
| Black Citadel | 2 | 650 | / | 460 |
| Guard Tower | 2 | 140 | / | 100 |
| total: | 41 | 6565g | / | 2315w |
| 0:03 | Acolyte |
| 0:08 | Crypt |
| 0:11 | Graveyard |
| 0:16 | Acolyte |
| 0:33 | Altar of Darkness |
| 0:47 | Ziggurat |
| 1:10 | Ghoul |
| 1:13 | Tomb of Relics |
| 1:40 | Crypt Fiend |
| 1:51 | Ziggurat |
| 2:06 | Nerubian Tower |
| 2:23 | Crypt Fiend |
| 2:23 | Crypt Fiend |
| 2:23 | Crypt Fiend |
| 2:38 | Rod of Necromancy |
| 2:50 | Death Coil |
| 3:06 | Crypt Fiend |
| 3:16 | Dust of Appearance |
| 3:16 | Dust of Appearance |
| 3:16 | Dust of Appearance |
| 3:38 | Halls of the Dead |
| 3:52 | Ghoul |
| 4:07 | Ziggurat |
| 4:37 | Crypt Fiend |
| 5:16 | Crypt Fiend |
| 5:25 | Rod of Necromancy |
| 5:26 | Rod of Necromancy |
| 5:53 | Unholy Aura |
| 6:03 | Slaughterhouse |
| 6:15 | Ghoul |
| 6:17 | Ziggurat |
| 6:20 | Burrow |
| 6:58 | Rod of Necromancy |
| 7:24 | Spirit Tower |
| 7:28 | Acolyte |
| 7:34 | Death Coil |
| 7:41 | Spirit Tower |
| 8:01 | Sacrificial Pit |
| 8:02 | Acolyte |
| 8:11 | Obsidian Statue |
| 8:12 | Frost Nova |
| 8:49 | Black Citadel |
| 8:53 | Obsidian Statue |
| 9:26 | Frost Armor |
| 9:26 | Frost Armor |
| 9:57 | Crypt Fiend |
| 9:57 | Web |
| 9:59 | Ziggurat |
| 10:55 | Creature Carapace |
| 11:13 | Boneyard |
| 11:18 | Ziggurat |
| 11:36 | Boneyard |
| 11:57 | Ziggurat |
| 12:00 | Acolyte |
| 12:34 | Necropolis |
| 13:06 | Death Pact |
| 13:16 | Frost Wyrm |
| 14:18 | Frost Wyrm |
| 14:21 | Ziggurat |
| 14:22 | Acolyte |
| 14:22 | Acolyte |
| 14:22 | Acolyte |
| 14:28 | Potion of Healing |
| 14:30 | Potion of Healing |
| 14:32 | Orb of Corruption |
| 14:34 | Acolyte |
| 14:34 | Acolyte |
| 14:40 | Ziggurat |
| 14:56 | Destroyer Form |
| 15:13 | Frost Nova |
| 15:16 | Nerubian Tower |
| 15:26 | Meat Wagon |
| 15:28 | Frost Wyrm |
| 15:48 | Spirit Tower |
| 15:50 | Acolyte |
| 15:51 | Acolyte |
| 15:51 | Acolyte |
| 15:51 | Acolyte |
| 15:51 | Acolyte |
| 16:27 | Obsidian Statue |
| 16:41 | Improved Creature Carapace |
| 16:45 | Acolyte |
| 16:46 | Acolyte |
| 17:26 | Freezing Breath |
| 17:37 | Obsidian Statue |
| 17:49 | Ziggurat |
| 17:53 | Ghoul |
| 18:02 | Frost Wyrm |
| 18:55 | Frost Wyrm |
| 18:55 | Frost Wyrm |
| 19:29 | Frost Wyrm |
| 19:41 | Acolyte |
| 20:00 | Ghoul |
| 20:05 | Frost Wyrm |
| 20:11 | Creature Attack |
| 20:21 | Necropolis |
| 20:54 | Advanced Creature Carapace |
| 21:23 | Improved Creature Attack |
| 21:48 | Frost Wyrm |
| 22:00 | Acolyte |
| 22:00 | Acolyte |
| 22:00 | Acolyte |
| 22:01 | Acolyte |
| 22:13 | Frost Wyrm |
| 22:20 | Ziggurat |
| 22:50 | Ziggurat |
| 23:53 | Nerubian Tower |
| 23:55 | Spirit Tower |
| 24:30 | Frost Wyrm |
| 24:59 | Obsidian Statue |
| 25:11 | Acolyte |
| 25:15 | Advanced Creature Attack |
| 25:57 | Frost Wyrm |
| 27:09 | Frost Wyrm |
| 27:23 | Death Coil |
| 27:23 | Death Coil |
| 27:48 | Dark Ritual |
| 29:47 | Scroll of Town Portal |
| 29:47 | Potion of Healing |
| 29:47 | Potion of Healing |
| 29:51 | Frost Wyrm |
| 29:51 | Frost Wyrm |
| 30:21 | Acolyte |
| 30:22 | Acolyte |
| 30:50 | Acolyte |
| 30:50 | Acolyte |
| 30:51 | Acolyte |
| 31:01 | Obsidian Statue |
| 31:20 | Obsidian Statue |
| 31:45 | Frost Wyrm |
| 33:13 | Acolyte |
| 33:13 | Acolyte |
| 38:09 | Obsidian Statue |
| 43:30 | Frost Wyrm |
| 44:15 | Frost Wyrm |
| 44:23 | Death Pact |
| 44:33 | Obsidian Statue |
| 44:40 | Potion of Healing |
| 44:40 | Potion of Healing |
| 44:42 | Scroll of Town Portal |
| 44:44 | Frost Nova |
| 44:50 | Frost Wyrm |
| 45:12 | Acolyte |
| 45:12 | Acolyte |
| 45:12 | Acolyte |
| 45:12 | Acolyte |
| 45:13 | Acolyte |
| 45:28 | Obsidian Statue |
| 45:30 | Frost Wyrm |
| 49:02 | Ziggurat |
| 49:09 | Necropolis |
| 49:39 | Ghoul |
| 49:40 | Ghoul |
| 50:11 | Nerubian Tower |
| 50:49 | Ziggurat |
| 50:50 | Ziggurat |
| 50:51 | Ziggurat |
| 51:14 | Ziggurat |
| 51:15 | Ziggurat |
| 51:54 | Spirit Tower |
| 51:55 | Nerubian Tower |
| 52:04 | Spirit Tower |
| 52:08 | Spirit Tower |
| 52:09 | Nerubian Tower |
| 52:29 | Ziggurat |
| 52:30 | Ziggurat |
| 52:31 | Ziggurat |
| 52:50 | Ziggurat |
| 52:51 | Ziggurat |
| 53:39 | Nerubian Tower |
| 53:47 | Spirit Tower |
| 53:51 | Nerubian Tower |
| 53:51 | Nerubian Tower |
| 53:58 | Guard Tower |
| 54:19 | Spirit Tower |
| 54:20 | Nerubian Tower |
| 54:41 | Ziggurat |
| 54:42 | Ziggurat |
| 54:42 | Ziggurat |
| 55:29 | Ziggurat |
| 55:37 | Nerubian Tower |
| 55:38 | Spirit Tower |
| 56:38 | Ziggurat |
| 56:44 | Frost Wyrm |
| 57:34 | Gargoyle |
| 57:49 | Crypt |
| 57:51 | Crypt |
| 58:00 | Mortar Team |
| 58:00 | Mortar Team |
| 58:00 | Mortar Team |
| 58:00 | Mortar Team |
| 58:00 | Mortar Team |
| 58:11 | Gargoyle |
| 58:12 | Gargoyle |
| 58:12 | Gargoyle |
| 58:46 | Acolyte |
| 59:10 | Acolyte |
| 59:11 | Acolyte |
| 59:11 | Acolyte |
| 59:11 | Acolyte |
| 59:13 | Acolyte |
| Select group | 4129 |
| Right click | 3370 |
| Select | 859 |
| Misc. action | 801 |
| Build/train/purchase | 256 |
| Use ability | 131 |
| Assign group | 68 |
| Minimap ping | 14 |
| Remove unit | 10 |
| Item give/drop | 4 |



x1)
| Ivory Tower | 4 | 160 |
| Orb of Fire | 1 | 325 |
| Staff of Sanctuary | 1 | 250 |
| Scroll of Regeneration | 3 | 300 |
| Tome of Retraining | 1 | 300 |
| Boots of Speed | 3 | 750 |
| Periapt of Vitality | 3 | 975 |
| Circlet of Nobility | 3 | 525 |
| total: | 19 | 3585g |
| Peasant | 36 | 2700 | / | 0 |
| Rifleman | 6 | 1230 | / | 180 |
| Dragonhawk Rider | 35 | 7000 | / | 1050 |
| total: | 77 | 10930g | / | 1230w |
| Scout Tower | 16 | 480 | / | 320 |
| Arcane Tower | 7 | 490 | / | 350 |
| Guard Tower | 10 | 700 | / | 500 |
| Farm | 12 | 960 | / | 240 |
| Altar of Kings | 1 | 180 | / | 50 |
| Blacksmith | 1 | 140 | / | 60 |
| Barracks | 1 | 160 | / | 60 |
| Lumber Mill | 1 | 120 | / | 0 |
| Arcane Vault | 1 | 130 | / | 30 |
| Town Hall | 3 | 1155 | / | 615 |
| Gryphon Aviary | 3 | 420 | / | 450 |
| Arcane Sanctum | 1 | 150 | / | 140 |
| Keep | 1 | 320 | / | 210 |
| Castle | 3 | 1080 | / | 630 |
| total: | 40 | 3895g | / | 1965w |
| 0:05 | Peasant |
| 0:05 | Peasant |
| 0:07 | Farm |
| 0:30 | Peasant |
| 0:38 | Altar of Kings |
| 0:49 | Peasant |
| 0:57 | Peasant |
| 1:06 | Blacksmith |
| 1:09 | Barracks |
| 1:16 | Peasant |
| 1:26 | Peasant |
| 1:39 | Farm |
| 1:45 | Peasant |
| 1:50 | Farm |
| 2:18 | Rifleman |
| 2:34 | Scout Tower |
| 2:40 | Summon Water Elemental |
| 2:40 | Summon Water Elemental |
| 3:10 | Rifleman |
| 3:35 | Rifleman |
| 3:52 | Arcane Tower |
| 4:37 | Peasant |
| 4:37 | Peasant |
| 4:37 | Peasant |
| 4:37 | Peasant |
| 4:58 | Rifleman |
| 5:02 | Scout Tower |
| 5:17 | Arcane Tower |
| 5:17 | Arcane Tower |
| 5:45 | Rifleman |
| 5:55 | Peasant |
| 5:55 | Peasant |
| 5:55 | Peasant |
| 6:36 | Rifleman |
| 6:48 | Peasant |
| 7:01 | Brilliance Aura |
| 7:11 | Peasant |
| 7:29 | Peasant |
| 7:29 | Peasant |
| 7:29 | Peasant |
| 7:29 | Peasant |
| 7:29 | Peasant |
| 7:57 | Farm |
| 8:02 | Lumber Mill |
| 8:14 | Peasant |
| 8:14 | Peasant |
| 8:46 | Farm |
| 8:53 | Peasant |
| 8:54 | Peasant |
| 9:37 | Scout Tower |
| 9:39 | Scout Tower |
| 9:40 | Scout Tower |
| 9:42 | Peasant |
| 9:42 | Peasant |
| 9:44 | Summon Water Elemental |
| 10:04 | Improved Masonry |
| 10:04 | Advanced Masonry |
| 10:08 | Guard Tower |
| 10:38 | Keep |
| 11:35 | Studded Leather Armor |
| 13:08 | Castle |
| 13:10 | Improved Lumber Harvesting |
| 13:11 | Imbued Masonry |
| 13:12 | Gryphon Aviary |
| 13:13 | Gryphon Aviary |
| 13:50 | Arcane Vault |
| 14:07 | Gryphon Aviary |
| 15:32 | Cloud |
| 15:32 | Dragonhawk Rider |
| 15:35 | Advanced Lumber Harvesting |
| 15:53 | Brilliance Aura |
| 15:59 | Storm Bolt |
| 16:24 | Dragonhawk Rider |
| 16:28 | Farm |
| 16:29 | Farm |
| 17:43 | Town Hall |
| 17:57 | Farm |
| 17:59 | Peasant |
| 17:59 | Peasant |
| 17:59 | Peasant |
| 17:59 | Peasant |
| 18:06 | Reinforced Leather Armor |
| 18:58 | Dragonhawk Rider |
| 19:00 | Town Hall |
| 19:21 | Holy Light |
| 20:06 | Dragonhawk Rider |
| 20:30 | Ivory Tower |
| 20:30 | Ivory Tower |
| 20:31 | Ivory Tower |
| 20:31 | Ivory Tower |
| 20:32 | Orb of Fire |
| 20:33 | Staff of Sanctuary |
| 20:40 | Peasant |
| 20:57 | Town Hall |
| 21:18 | Arcane Tower |
| 21:19 | Arcane Tower |
| 22:03 | Arcane Sanctum |
| 22:16 | Dragonhide Armor |
| 22:42 | Bash |
| 22:42 | Bash |
| 22:56 | Scroll of Regeneration |
| 22:56 | Scroll of Regeneration |
| 22:56 | Scroll of Regeneration |
| 25:39 | Dragonhawk Rider |
| 25:48 | Dragonhawk Rider |
| 25:48 | Dragonhawk Rider |
| 26:08 | Dragonhawk Rider |
| 26:08 | Dragonhawk Rider |
| 26:54 | Dragonhawk Rider |
| 27:13 | Divine Shield |
| 27:25 | Dragonhawk Rider |
| 27:25 | Dragonhawk Rider |
| 28:00 | Dragonhawk Rider |
| 28:32 | Dragonhawk Rider |
| 28:33 | Dragonhawk Rider |
| 29:00 | Dragonhawk Rider |
| 29:00 | Dragonhawk Rider |
| 29:00 | Dragonhawk Rider |
| 29:17 | Dragonhawk Rider |
| 29:17 | Dragonhawk Rider |
| 30:59 | Dragonhawk Rider |
| 32:03 | Dragonhawk Rider |
| 33:51 | Dragonhawk Rider |
| 33:51 | Dragonhawk Rider |
| 33:51 | Dragonhawk Rider |
| 34:20 | Summon Water Elemental |
| 34:22 | Dragonhawk Rider |
| 34:23 | Dragonhawk Rider |
| 34:48 | Storm Bolt |
| 35:25 | Dragonhawk Rider |
| 35:25 | Dragonhawk Rider |
| 36:13 | Holy Light |
| 38:47 | Dragonhawk Rider |
| 39:29 | Dragonhawk Rider |
| 39:29 | Dragonhawk Rider |
| 39:29 | Dragonhawk Rider |
| 40:04 | Farm |
| 40:05 | Farm |
| 40:05 | Farm |
| 40:06 | Farm |
| 41:05 | Tome of Retraining |
| 41:05 | Retrain Hero |
| 41:07 | Blizzard |
| 41:07 | Blizzard |
| 41:08 | Brilliance Aura |
| 41:08 | Brilliance Aura |
| 44:31 | Dragonhawk Rider |
| 46:11 | Dragonhawk Rider |
| 47:11 | Boots of Speed |
| 47:13 | Periapt of Vitality |
| 47:20 | Circlet of Nobility |
| 48:26 | Periapt of Vitality |
| 48:29 | Circlet of Nobility |
| 49:08 | Boots of Speed |
| 52:06 | Boots of Speed |
| 52:06 | Periapt of Vitality |
| 52:07 | Circlet of Nobility |
| 56:14 | Peasant |
| 56:15 | Peasant |
| 56:15 | Peasant |
| 56:58 | Scout Tower |
| 57:00 | Scout Tower |
| 57:01 | Scout Tower |
| 57:02 | Scout Tower |
| 57:03 | Scout Tower |
| 57:04 | Scout Tower |
| 57:50 | Scout Tower |
| 57:51 | Scout Tower |
| 57:53 | Scout Tower |
| 58:13 | Guard Tower |
| 58:22 | Guard Tower |
| 58:24 | Scout Tower |
| 58:45 | Guard Tower |
| 58:46 | Scout Tower |
| 59:21 | Guard Tower |
| 59:22 | Guard Tower |
| 59:22 | Guard Tower |
| Right click | 3188 |
| Select group | 3076 |
| Select | 1125 |
| Assign group | 974 |
| Build/train/purchase | 334 |
| Misc. action | 277 |
| Use ability | 276 |
| Minimap ping | 61 |
| Remove unit | 6 |
| Esc | 5 |
| Resource trade | 5 |
| Chat | 5 |
| Item give/drop | 4 |
107 units @ 11.3k
/ 1.1k
247 buildings @ 17.2k
/ 8.8k



| Orb of Venom | 1 | 325 |
| Scroll of Town Portal | 1 | 350 |
| Boots of Speed | 3 | 750 |
| Staff of Teleportation | 3 | 450 |
| Circlet of Nobility | 3 | 525 |
| Periapt of Vitality | 2 | 650 |
| Staff of Sanctuary | 3 | 750 |
| total: | 16 | 3800g |
| Wisp | 34 | 2040 | / | 0 |
| Hippogryph | 5 | 800 | / | 100 |
| total: | 39 | 2840g | / | 100w |
| Altar of Elders | 2 | 360 | / | 100 |
| Moon Well | 18 | 3240 | / | 720 |
| Tree of Life | 2 | 680 | / | 370 |
| Ancient of Wonders | 3 | 270 | / | 90 |
| Hunter's Hall | 1 | 210 | / | 100 |
| Ancient of Wind | 2 | 300 | / | 280 |
| Tree of Ages | 1 | 320 | / | 180 |
| Tree of Eternity | 1 | 330 | / | 200 |
| total: | 28 | 5060g | / | 1660w |
| 0:03 | Wisp |
| 0:03 | Wisp |
| 0:05 | Altar of Elders |
| 0:09 | Moon Well |
| 0:24 | Wisp |
| 0:32 | Wisp |
| 0:41 | Moon Well |
| 0:53 | Wisp |
| 0:54 | Wisp |
| 1:21 | Wisp |
| 1:21 | Wisp |
| 1:31 | Wisp |
| 1:31 | Wisp |
| 1:42 | Wisp |
| 1:42 | Wisp |
| 2:05 | Entangling Roots |
| 2:11 | Wisp |
| 3:15 | Wisp |
| 3:15 | Wisp |
| 3:15 | Wisp |
| 3:36 | Wisp |
| 3:36 | Wisp |
| 3:49 | Boots of Speed |
| 3:54 | Staff of Teleportation |
| 4:51 | Tree of Ages |
| 4:59 | Moon Well |
| 5:03 | Moon Well |
| 5:17 | Circlet of Nobility |
| 6:45 | Moon Well |
| 6:46 | Moon Well |
| 7:13 | Thorns Aura |
| 7:39 | Tree of Life |
| 8:12 | Trueshot Aura |
| 9:09 | Tree of Life |
| 9:11 | Tree of Eternity |
| 9:54 | Wisp |
| 9:54 | Wisp |
| 9:54 | Wisp |
| 9:54 | Wisp |
| 9:54 | Wisp |
| 10:06 | Ancient of Wonders |
| 10:24 | Ancient of Wonders |
| 11:26 | Wisp |
| 11:26 | Wisp |
| 11:35 | Staff of Teleportation |
| 11:46 | Boots of Speed |
| 12:10 | Ancient of Wonders |
| 12:24 | Orb of Venom |
| 12:52 | Entangling Roots |
| 12:58 | Searing Arrows |
| 15:24 | Hunter's Hall |
| 15:31 | Staff of Sanctuary |
| 15:37 | Moon Well |
| 16:40 | Frost Arrows |
| 16:49 | Well Spring |
| 16:50 | Ultravision |
| 16:53 | Boots of Speed |
| 16:53 | Circlet of Nobility |
| 16:53 | Staff of Teleportation |
| 16:54 | Periapt of Vitality |
| 17:32 | Wisp |
| 17:32 | Wisp |
| 17:33 | Wisp |
| 17:38 | Ancient of Wind |
| 17:41 | Ancient of Wind |
| 17:50 | Wisp |
| 17:50 | Wisp |
| 17:50 | Wisp |
| 17:52 | Wisp |
| 17:52 | Wisp |
| 17:52 | Wisp |
| 17:58 | Staff of Sanctuary |
| 18:35 | Moon Well |
| 18:36 | Moon Well |
| 18:37 | Moon Well |
| 18:37 | Moon Well |
| 19:48 | Trueshot Aura |
| 20:19 | Strength of the Wild |
| 20:19 | Reinforced Hides |
| 20:38 | Moon Well |
| 20:38 | Moon Well |
| 20:41 | Staff of Sanctuary |
| 20:57 | Circlet of Nobility |
| 20:59 | Periapt of Vitality |
| 21:12 | Moon Well |
| 21:26 | Hippogryph |
| 22:04 | Forked Lightning |
| 22:23 | Hippogryph |
| 22:59 | Thorns Aura |
| 23:40 | Improved Reinforced Hides |
| 23:40 | Improved Strength of the Wild |
| 23:58 | Moon Well |
| 23:59 | Moon Well |
| 25:23 | Advanced Reinforced Hides |
| 28:41 | Moon Well |
| 28:42 | Altar of Elders |
| 28:49 | Hippogryph |
| 28:49 | Hippogryph |
| 28:49 | Hippogryph |
| 29:33 | Forked Lightning |
| 29:58 | Advanced Strength of the Wild |
| 30:35 | Nature's Blessing |
| 31:45 | Searing Arrows |
| 38:10 | Moon Well |
| 40:25 | Entangling Roots |
| 46:29 | Scroll of Town Portal |
| 52:07 | Frost Arrows |
| 52:35 | Trueshot Aura |
| 59:05 | Tranquility |
| Right click | 5439 |
| Select group | 3108 |
| Select | 516 |
| Resource trade | 312 |
| Use ability | 189 |
| Build/train/purchase | 124 |
| Minimap ping | 77 |
| Misc. action | 54 |
| Assign group | 19 |
| Item give/drop | 6 |
| Chat | 4 |



| Staff of Sanctuary | 3 | 750 |
| Potion of Healing | 2 | 300 |
| Lesser Clarity Potion | 1 | 70 |
| Potion of Mana | 1 | 200 |
| Boots of Speed | 3 | 750 |
| Staff of Teleportation | 3 | 450 |
| Orb of Venom | 2 | 650 |
| total: | 15 | 3170g |
| Peasant | 15 | 1125 | / | 0 |
| Priest | 7 | 945 | / | 70 |
| Dragonhawk Rider | 16 | 3200 | / | 480 |
| total: | 38 | 5270g | / | 550w |
| Scout Tower | 164 | 4920 | / | 3280 |
| Arcane Tower | 5 | 350 | / | 250 |
| Guard Tower | 104 | 7280 | / | 5200 |
| Altar of Kings | 1 | 180 | / | 50 |
| Farm | 7 | 560 | / | 140 |
| Lumber Mill | 1 | 120 | / | 0 |
| Arcane Vault | 2 | 260 | / | 60 |
| Blacksmith | 1 | 140 | / | 60 |
| Barracks | 1 | 160 | / | 60 |
| Arcane Sanctum | 1 | 150 | / | 140 |
| Gryphon Aviary | 2 | 280 | / | 300 |
| Keep | 2 | 640 | / | 420 |
| Castle | 1 | 360 | / | 210 |
| total: | 180 | 6770g | / | 4090w |
| 0:01 | Peasant |
| 0:02 | Peasant |
| 0:02 | Peasant |
| 0:07 | Altar of Kings |
| 0:17 | Farm |
| 0:28 | Peasant |
| 0:38 | Peasant |
| 0:42 | Scout Tower |
| 0:47 | Lumber Mill |
| 0:50 | Peasant |
| 1:10 | Scout Tower |
| 1:27 | Peasant |
| 1:33 | Farm |
| 1:34 | Scout Tower |
| 1:36 | Arcane Tower |
| 1:41 | Peasant |
| 1:41 | Peasant |
| 1:42 | Arcane Tower |
| 1:47 | Scout Tower |
| 2:08 | Guard Tower |
| 2:10 | Scout Tower |
| 2:13 | Guard Tower |
| 2:14 | Scout Tower |
| 2:37 | Guard Tower |
| 2:40 | Scout Tower |
| 2:41 | Guard Tower |
| 2:42 | Peasant |
| 2:42 | Peasant |
| 2:42 | Peasant |
| 2:49 | Peasant |
| 2:49 | Peasant |
| 2:50 | Scout Tower |
| 2:51 | Scout Tower |
| 2:52 | Blizzard |
| 3:07 | Guard Tower |
| 3:10 | Scout Tower |
| 3:11 | Scout Tower |
| 3:11 | Scout Tower |
| 3:20 | Guard Tower |
| 3:21 | Peasant |
| 3:44 | Boots of Speed |
| 3:44 | Staff of Teleportation |
| 3:53 | Guard Tower |
| 3:54 | Scout Tower |
| 3:55 | Scout Tower |
| 3:56 | Guard Tower |
| 3:58 | Keep |
| 4:04 | Guard Tower |
| 4:34 | Farm |
| 4:35 | Farm |
| 4:36 | Improved Masonry |
| 4:55 | Guard Tower |
| 4:57 | Scout Tower |
| 4:58 | Scout Tower |
| 4:58 | Scout Tower |
| 4:59 | Guard Tower |
| 5:12 | Arcane Vault |
| 5:13 | Guard Tower |
| 6:00 | Guard Tower |
| 6:00 | Guard Tower |
| 6:19 | Scout Tower |
| 6:19 | Scout Tower |
| 6:20 | Scout Tower |
| 6:21 | Guard Tower |
| 6:51 | Scout Tower |
| 6:52 | Scout Tower |
| 7:12 | Brilliance Aura |
| 7:19 | Storm Bolt |
| 7:35 | Scout Tower |
| 7:36 | Scout Tower |
| 7:36 | Scout Tower |
| 7:37 | Scout Tower |
| 7:37 | Scout Tower |
| 7:38 | Scout Tower |
| 7:39 | Scout Tower |
| 7:39 | Scout Tower |
| 7:40 | Scout Tower |
| 7:40 | Scout Tower |
| 7:49 | Guard Tower |
| 7:50 | Castle |
| 7:52 | Scout Tower |
| 7:52 | Scout Tower |
| 7:53 | Scout Tower |
| 7:53 | Scout Tower |
| 7:54 | Scout Tower |
| 7:54 | Scout Tower |
| 7:54 | Scout Tower |
| 7:54 | Scout Tower |
| 7:56 | Arcane Sanctum |
| 8:05 | Scout Tower |
| 8:05 | Scout Tower |
| 8:06 | Scout Tower |
| 8:06 | Guard Tower |
| 8:07 | Guard Tower |
| 8:21 | Scout Tower |
| 8:21 | Scout Tower |
| 8:22 | Scout Tower |
| 8:32 | Guard Tower |
| 9:07 | Guard Tower |
| 9:10 | Scout Tower |
| 9:10 | Scout Tower |
| 9:11 | Scout Tower |
| 9:11 | Scout Tower |
| 9:12 | Scout Tower |
| 9:12 | Scout Tower |
| 9:12 | Scout Tower |
| 9:13 | Scout Tower |
| 9:23 | Guard Tower |
| 9:51 | Arcane Tower |
| 9:53 | Magic Sentry |
| 9:54 | Priest |
| 9:57 | Advanced Masonry |
| 10:01 | Guard Tower |
| 10:07 | Scout Tower |
| 10:08 | Scout Tower |
| 10:09 | Scout Tower |
| 10:10 | Scout Tower |
| 10:14 | Guard Tower |
| 10:21 | Guard Tower |
| 10:38 | Guard Tower |
| 10:41 | Guard Tower |
| 10:41 | Guard Tower |
| 10:43 | Scout Tower |
| 10:43 | Scout Tower |
| 10:45 | Guard Tower |
| 10:49 | Guard Tower |
| 10:53 | Scout Tower |
| 11:15 | Gryphon Aviary |
| 11:19 | Priest |
| 11:19 | Priest |
| 11:19 | Priest |
| 11:20 | Priest |
| 11:21 | Guard Tower |
| 11:25 | Priest |
| 11:26 | Imbued Masonry |
| 11:30 | Staff of Sanctuary |
| 11:34 | Guard Tower |
| 11:34 | Guard Tower |
| 11:40 | Guard Tower |
| 11:42 | Scout Tower |
| 12:04 | Guard Tower |
| 12:14 | Arcane Vault |
| 12:22 | Guard Tower |
| 12:28 | Scout Tower |
| 12:28 | Scout Tower |
| 12:29 | Scout Tower |
| 12:30 | Scout Tower |
| 12:30 | Scout Tower |
| 12:31 | Scout Tower |
| 12:31 | Scout Tower |
| 12:36 | Guard Tower |
| 12:40 | Guard Tower |
| 12:43 | Scout Tower |
| 12:43 | Scout Tower |
| 12:44 | Scout Tower |
| 12:45 | Scout Tower |
| 12:45 | Scout Tower |
| 12:45 | Scout Tower |
| 12:47 | Scout Tower |
| 12:48 | Scout Tower |
| 12:48 | Scout Tower |
| 12:49 | Scout Tower |
| 13:00 | Holy Light |
| 13:11 | Blizzard |
| 13:17 | Boots of Speed |
| 13:17 | Staff of Teleportation |
| 13:36 | Bash |
| 14:25 | Guard Tower |
| 14:27 | Guard Tower |
| 14:28 | Guard Tower |
| 14:32 | Farm |
| 14:33 | Farm |
| 14:50 | Arcane Tower |
| 15:14 | Arcane Tower |
| 15:14 | Guard Tower |
| 15:14 | Guard Tower |
| 15:29 | Scout Tower |
| 15:30 | Scout Tower |
| 15:31 | Scout Tower |
| 15:31 | Scout Tower |
| 15:32 | Scout Tower |
| 15:35 | Blacksmith |
| 15:36 | Barracks |
| 15:44 | Divine Shield |
| 15:54 | Dragonhawk Rider |
| 15:54 | Dragonhawk Rider |
| 16:31 | Potion of Healing |
| 16:32 | Orb of Venom |
| 16:48 | Dragonhawk Rider |
| 16:48 | Dragonhawk Rider |
| 16:50 | Staff of Sanctuary |
| 16:51 | Potion of Healing |
| 16:53 | Lesser Clarity Potion |
| 16:54 | Potion of Mana |
| 17:11 | Boots of Speed |
| 17:11 | Staff of Teleportation |
| 17:32 | Iron Forged Swords |
| 17:32 | Studded Leather Armor |
| 17:32 | Animal War Training |
| 17:34 | Dragonhawk Rider |
| 17:40 | Scout Tower |
| 17:41 | Scout Tower |
| 17:53 | Guard Tower |
| 18:01 | Scout Tower |
| 18:02 | Scout Tower |
| 18:02 | Scout Tower |
| 18:03 | Scout Tower |
| 18:06 | Scout Tower |
| 18:07 | Scout Tower |
| 18:08 | Scout Tower |
| 18:08 | Scout Tower |
| 18:09 | Guard Tower |
| 18:49 | Guard Tower |
| 19:07 | Guard Tower |
| 19:32 | Guard Tower |
| 19:32 | Guard Tower |
| 19:57 | Guard Tower |
| 20:00 | Guard Tower |
| 20:02 | Scout Tower |
| 20:02 | Scout Tower |
| 20:03 | Scout Tower |
| 20:03 | Scout Tower |
| 20:04 | Scout Tower |
| 20:04 | Scout Tower |
| 20:05 | Guard Tower |
| 20:08 | Scout Tower |
| 20:09 | Scout Tower |
| 20:10 | Scout Tower |
| 20:10 | Scout Tower |
| 20:11 | Scout Tower |
| 20:11 | Scout Tower |
| 20:17 | Dragonhawk Rider |
| 20:19 | Reinforced Leather Armor |
| 20:21 | Gryphon Aviary |
| 20:25 | Guard Tower |
| 20:30 | Scout Tower |
| 20:31 | Scout Tower |
| 20:31 | Scout Tower |
| 20:32 | Scout Tower |
| 20:32 | Scout Tower |
| 20:38 | Scout Tower |
| 20:39 | Scout Tower |
| 20:39 | Scout Tower |
| 20:40 | Guard Tower |
| 20:43 | Scout Tower |
| 20:44 | Scout Tower |
| 20:44 | Scout Tower |
| 20:45 | Scout Tower |
| 20:45 | Scout Tower |
| 20:46 | Scout Tower |
| 20:46 | Scout Tower |
| 20:46 | Scout Tower |
| 20:47 | Scout Tower |
| 20:57 | Staff of Sanctuary |
| 21:10 | Scout Tower |
| 21:11 | Scout Tower |
| 21:11 | Scout Tower |
| 21:12 | Scout Tower |
| 21:12 | Scout Tower |
| 21:12 | Scout Tower |
| 21:13 | Scout Tower |
| 21:13 | Scout Tower |
| 21:15 | Guard Tower |
| 21:17 | Scout Tower |
| 21:18 | Scout Tower |
| 21:18 | Scout Tower |
| 21:19 | Scout Tower |
| 21:20 | Scout Tower |
| 21:35 | Guard Tower |
| 21:36 | Guard Tower |
| 21:37 | Dragonhawk Rider |
| 21:38 | Dragonhawk Rider |
| 21:40 | Farm |
| 21:44 | Guard Tower |
| 21:44 | Guard Tower |
| 21:49 | Guard Tower |
| 21:50 | Guard Tower |
| 21:50 | Guard Tower |
| 21:54 | Guard Tower |
| 21:59 | Dragonhawk Rider |
| 22:23 | Dragonhawk Rider |
| 22:26 | Guard Tower |
| 22:37 | Guard Tower |
| 23:02 | Orb of Venom |
| 23:13 | Brilliance Aura |
| 23:40 | Guard Tower |
| 23:41 | Storm Bolt |
| 24:11 | Guard Tower |
| 25:20 | Cloud |
| 25:22 | Storm Hammers |
| 26:12 | Holy Light |
| 27:14 | Scout Tower |
| 27:15 | Scout Tower |
| 27:16 | Scout Tower |
| 27:16 | Scout Tower |
| 28:14 | Dragonhawk Rider |
| 28:14 | Dragonhawk Rider |
| 30:04 | Scout Tower |
| 30:04 | Scout Tower |
| 30:05 | Scout Tower |
| 30:05 | Scout Tower |
| 30:05 | Scout Tower |
| 30:06 | Scout Tower |
| 30:06 | Scout Tower |
| 30:06 | Scout Tower |
| 30:07 | Scout Tower |
| 30:07 | Scout Tower |
| 30:08 | Guard Tower |
| 30:43 | Guard Tower |
| 32:01 | Guard Tower |
| 32:43 | Bash |
| 34:20 | Blizzard |
| 34:50 | Dragonhawk Rider |
| 34:50 | Dragonhawk Rider |
| 37:06 | Scout Tower |
| 37:06 | Scout Tower |
| 37:07 | Scout Tower |
| 37:08 | Scout Tower |
| 37:09 | Scout Tower |
| 37:09 | Scout Tower |
| 37:10 | Scout Tower |
| 37:10 | Scout Tower |
| 37:11 | Scout Tower |
| 37:11 | Scout Tower |
| 37:37 | Guard Tower |
| 38:30 | Guard Tower |
| 38:42 | Guard Tower |
| 38:47 | Scout Tower |
| 38:48 | Scout Tower |
| 38:48 | Scout Tower |
| 38:49 | Scout Tower |
| 38:51 | Dragonhawk Rider |
| 38:51 | Dragonhawk Rider |
| 40:32 | Guard Tower |
| 40:38 | Guard Tower |
| 43:09 | Divine Shield |
| 56:51 | Storm Bolt |
| 56:53 | Mass Teleport |
| 56:54 | Holy Light |
| 57:58 | Priest |
| Right click | 5322 |
| Select | 1164 |
| Select group | 1148 |
| Build/train/purchase | 451 |
| Use ability | 285 |
| Assign group | 37 |
| Misc. action | 22 |
| Item give/drop | 5 |
| Remove unit | 2 |
| Minimap ping | 1 |

| Healing Salve | 3 | 300 |
| Lesser Clarity Potion | 6 | 420 |
| Orb of Lightning | 2 | 750 |
| Potion of Healing | 3 | 450 |
| Potion of Mana | 1 | 200 |
| Boots of Speed | 1 | 250 |
| Staff of Teleportation | 1 | 150 |
| Circlet of Nobility | 1 | 175 |
| Scroll of Regeneration | 1 | 100 |
| total: | 19 | 2795g |
| Peon | 19 | 1425 | / | 0 |
| Troll Batrider | 11 | 1760 | / | 440 |
| total: | 30 | 3185g | / | 440w |
| Watch Tower | 27 | 2970 | / | 2160 |
| Altar of Storms | 2 | 360 | / | 100 |
| Orc Burrow | 4 | 640 | / | 160 |
| War Mill | 1 | 205 | / | 0 |
| Voodoo Lounge | 1 | 130 | / | 30 |
| Great Hall | 2 | 770 | / | 370 |
| Beastiary | 2 | 290 | / | 280 |
| Stronghold | 3 | 945 | / | 570 |
| Fortress | 1 | 325 | / | 190 |
| total: | 39 | 5365g | / | 3100w |
| 0:01 | Peon |
| 0:03 | Altar of Storms |
| 0:17 | Orc Burrow |
| 0:19 | Peon |
| 0:27 | Peon |
| 0:38 | War Mill |
| 0:46 | Peon |
| 0:59 | Peon |
| 1:09 | Voodoo Lounge |
| 1:18 | Peon |
| 1:30 | Peon |
| 1:47 | Peon |
| 1:52 | Watch Tower |
| 1:59 | Peon |
| 2:04 | Wind Walk |
| 2:06 | Watch Tower |
| 2:12 | Healing Salve |
| 2:13 | Healing Salve |
| 2:13 | Lesser Clarity Potion |
| 2:13 | Lesser Clarity Potion |
| 2:20 | Peon |
| 2:55 | Watch Tower |
| 3:19 | Stronghold |
| 3:28 | Watch Tower |
| 4:01 | Watch Tower |
| 4:06 | Orc Burrow |
| 4:55 | Watch Tower |
| 5:11 | Watch Tower |
| 5:15 | Boots of Speed |
| 5:16 | Staff of Teleportation |
| 5:17 | Circlet of Nobility |
| 5:54 | Fortress |
| 6:02 | Beastiary |
| 6:29 | Watch Tower |
| 6:29 | Watch Tower |
| 6:31 | Lesser Clarity Potion |
| 6:41 | Beastiary |
| 6:43 | Steel Ranged Weapons |
| 6:49 | Healing Salve |
| 6:49 | Lesser Clarity Potion |
| 7:49 | Critical Strike |
| 7:57 | Watch Tower |
| 7:58 | Watch Tower |
| 8:01 | Troll Batrider |
| 8:11 | Watch Tower |
| 8:12 | Watch Tower |
| 8:25 | Orb of Lightning |
| 8:25 | Orb of Lightning |
| 8:49 | Troll Batrider |
| 9:10 | Watch Tower |
| 9:36 | Watch Tower |
| 9:37 | Watch Tower |
| 9:38 | Liquid Fire |
| 9:56 | Troll Batrider |
| 10:11 | Troll Batrider |
| 10:23 | Watch Tower |
| 10:28 | Reinforced Defenses |
| 10:52 | Troll Batrider |
| 11:03 | Troll Batrider |
| 11:24 | Troll Batrider |
| 11:35 | Watch Tower |
| 12:00 | Wind Walk |
| 12:10 | Orc Burrow |
| 12:26 | Troll Batrider |
| 12:36 | Troll Batrider |
| 12:48 | Spiked Barricades |
| 12:48 | Improved Spiked Barricades |
| 12:55 | Potion of Healing |
| 13:10 | Watch Tower |
| 13:27 | Potion of Healing |
| 14:20 | Troll Batrider |
| 14:45 | Watch Tower |
| 14:46 | Watch Tower |
| 15:10 | Critical Strike |
| 15:28 | Watch Tower |
| 15:43 | Troll Batrider |
| 15:49 | Watch Tower |
| 15:52 | Watch Tower |
| 15:53 | Peon |
| 15:54 | Peon |
| 15:54 | Peon |
| 15:56 | Watch Tower |
| 15:58 | Watch Tower |
| 16:00 | Watch Tower |
| 16:30 | Peon |
| 16:31 | Peon |
| 17:30 | Lesser Clarity Potion |
| 17:47 | Altar of Storms |
| 18:19 | Orc Burrow |
| 18:46 | Great Hall |
| 18:50 | Great Hall |
| 19:41 | Critical Strike |
| 21:51 | Peon |
| 21:51 | Peon |
| 21:52 | Peon |
| 21:52 | Peon |
| 23:05 | Stronghold |
| 23:36 | Bladestorm |
| 27:41 | Potion of Healing |
| 27:42 | Potion of Mana |
| 27:45 | Lesser Clarity Potion |
| 27:48 | Scroll of Regeneration |
| 31:40 | Wind Walk |
| 38:59 | Mirror Image |
| 49:37 | Mirror Image |
| Right click | 4231 |
| Assign group | 1403 |
| Select group | 493 |
| Select | 353 |
| Build/train/purchase | 252 |
| Use ability | 82 |
| Chat | 18 |
| Resource trade | 9 |
| Item give/drop | 8 |
| Misc. action | 1 |
| Minimap ping | 1 |